 Dungeon Crawl Stone Soup version 0.23.2-42-gf373564dc4 (webtiles) character file.

Game seed: 3702610041269620759

45 Gwanngwann the Grave Robber (level 3, -5/27 HPs)
             Began as a Ghoul Necromancer on Dec 13, 2019.
             Killed from afar by Sigmund (6 damage)
             ... with a magic dart
             ... on level 2 of the Dungeon.
             The game lasted 00:08:52 (1124 turns).

Gwanngwann the Grave Robber (Ghoul Necromancer)     Turns: 1124, Time: 00:08:53

Health: -5/27      AC:  5    Str: 11    XL:     3   Next: 64%
Magic:  5/5        EV: 10    Int: 10    God:
Gold:   89         SH:  0    Dex: 10    Spells: 5/6 levels left

rFire    . . .     SeeInvis .   i - +0 spear
rCold    + . .     Gourm    .   (no shield)
rNeg     + + +     Faith    .   f - +0 ring mail (curse)
rPois    ∞         Spirit   .   (no helmet)
rElec    .         Reflect  .   (no cloak)
rCorr    .         Harm     .   (no gloves)
MR       .....                  (no boots)
Stlth    +.........             l - amulet of magic regeneration
HPRegen  0.00/turn              (no ring)
MPRegen  0.34/turn              (no ring)

@: rotting
A: rotting body, claws 1, carnivore, cold resistance 1, negative energy
resistance 3, inhibited regeneration, torment resistance, unbreathing
a: no special abilities


You were on level 2 of the Dungeon.
You were not hungry.

You visited 1 branch of the dungeon, and saw 2 of its levels.

You collected 89 gold pieces.

Inventory:

Hand Weapons
 g - a +0 club
 i - a +0 spear (weapon)
 m - a +0 hand axe
 o - a +1 hunting sling of flaming
 r - a +0 hand axe
Missiles
 q - 8 stones (quivered)
Armour
 a - a +0 robe
 b - a +0 leather armour
 f - a cursed +0 ring mail (worn)
 k - a +0 ring mail
 t - a cursed +0 ring mail
Jewellery
 l - an amulet of magic regeneration (around neck)
Scrolls
 e - a scroll of magic mapping {unknown}
 h - a scroll of enchant weapon {unknown}
 n - a scroll of identify {unknown}
 p - a scroll of remove curse {unknown}
 u - a scroll of enchant armour {unknown}
Potions
 d - a potion of heal wounds {unknown}
 j - a potion of mutation {unknown}
Comestibles
 c - 4 rations
 s - 3 chunks of flesh


   Skills:
 + Level 0.4 Fighting
 + Level 0.9 Polearms
 + Level 0.5 Armour
 + Level 2.2 Dodging
 + Level 2.3 Stealth
 + Level 2.1 Spellcasting
 + Level 4.3 Necromancy


You had 5 spell levels left.
You knew the following spells:

 Your Spells              Type           Power        Failure   Level  Hunger
a - Pain                  Necr           #...         13%         1    ##.....

Your spell library contained the following spells:

 Spells                   Type           Power        Failure   Level  Hunger
 Animate Skeleton         Necr           N/A          13%         1    ##.....
 Vampiric Draining        Necr           #.........   36%         3    ####...
 Regeneration             Chrm/Necr      #.........   67%         3    ####...
 Animate Dead             Necr           N/A          77%         4    #####..


Dungeon Overview and Level Annotations

Branches:
Dungeon (2/15)

Altars:

Annotations:
D:2 Sigmund


Innate Abilities, Weirdness & Mutations

Your body is rotting away.
You thrive on raw meat.
You are immune to poison.
You have sharp fingernails.
You are carnivorous and can eat meat at any time.
Your flesh is cold resistant. (rC+)
You are immune to negative energy. (rN+++)
You do not regenerate when monsters are visible.
You are immune to unholy pain and torment.
You can survive without breathing.


Message History

Sigmund gestures at you while chanting. The magic dart hits you!
You closely miss Sigmund.
Sigmund points at you and mumbles some strange words.
You are confused.
You completely miss Sigmund. Sigmund barely misses you.
Sigmund hits you with a +0 scythe.
* * * LOW HITPOINT WARNING * * *
You bump into the rock wall.
Sigmund hits you with a +0 scythe.
* * * LOW HITPOINT WARNING * * *
You hit Sigmund but do no damage.
You feel less confused. Sigmund barely misses you.
You closely miss Sigmund. Sigmund barely misses you.
You barely miss Sigmund. You hit Sigmund.
Sigmund is lightly wounded.
Sigmund casts a spell at you. The magic dart hits you.
You die...

#....#...####
####...#.#
#.#.#.#
#.....#
###...# #...#
#<..#
#...#####
#..@@...#
#..####.#
#..# #..#
#... ##.# #.#
..


You could see Sigmund.

Vanquished Creatures
  An adder (D:2)
  A worm (D:2)
  2 dart slugs
  A leopard gecko (D:2)
  2 giant cockroaches (D:1)
  2 goblins (D:1)
  A hobgoblin (D:2)
  4 jackals (D:1)
  2 kobolds (D:1)
  2 frilled lizards
  13 rats
31 creatures vanquished.

Notes
Turn   | Place    | Note
-------+----------+-------------------------------------------
     0 | D:1      | Gwanngwann the Ghoul Necromancer began the quest for the
                  | Orb.
     0 | D:1      | Reached XP level 1. HP: 14/14 MP: 2/2
   338 | D:1      | Reached XP level 2. HP: 17/20 MP: 0/4
   828 | D:1      | Reached XP level 3. HP: 27/27 MP: 5/5
  1110 | D:2      | Noticed Sigmund
  1119 | D:2      | HP: 1/27 [Sigmund/+0 scythe (5)]
  1124 | D:2      | Killed from afar by Sigmund

Skill      XL: |  1 |
---------------+----+-----
Dodging        | 2 |  2.2
Spellcasting   | 2 |  2.1
Fighting       | |  0.4
Polearms       | |  0.9
Armour         | |  0.5
Stealth        | |  2.3
Necromancy     | |  4.3

Action                   || total
-------------------------++-------
Melee: Unarmed           ||    15
       Club              ||    10
       Spear             ||    87
 Cast: Pain              ||     8
 Stab: Sleeping          ||     2
  Eat: Chunk             ||     2
Armor: Ring mail         ||    42
Dodge: Dodged            ||    73
